Map: Daybreak LE (Void)

Players

INnoVation - Winner!

  • Race: Terran Terran
  • Spawn Location: 7:00

Erik

  • Race: Zerg Zerg
  • League: Master
  • Spawn Location: 1:00

Event: NationWars IV

VOD

Have the link to the VOD?

Description

Time

  • Played on: Jan. 6, 2017, 12:43 p.m.
  • Length: 11:22
Show
View Real Time Build Order
Export as new Build Order

INnoVation Terran - Winner!

Build Orders: Reaper Expand, MMM Bio 

Get SALT Encoding   

  12  0:00  SCV  
  13  0:13  SCV  
  14  0:17  Supply Depot  
  14  0:25  SCV  
  15  0:39  Barracks, SCV  
  16  0:45  Refinery  
  16  0:51  SCV  
  17  1:03  SCV  
  18  1:15  SCV  
  19  1:27  Orbital Command  
  19  1:28  Reaper  
  20  1:41  Command Center  
  20  1:52  Barracks  
  20  1:55  SCV  
  21  2:01  Barracks Reactor  
  21  2:07  SCV  
  22  2:11  Supply Depot  
  22  2:19  SCV  
  22  2:20  Refinery  
  23  2:25  Factory  
  23  2:33  SCV  
  24  2:38  Marine x2  
  24  2:40  Barracks Tech Lab  
  26  2:45  SCV  
  27  2:56  Marine x2  
  29  2:59  Marine, Stimpack  
  29  3:01  SCV  
  31  3:17  Starport  
  31  3:25  SCV  
  31  3:26  Marine, Bunker  
  31  3:27  Marauder, Marine  
  34  3:34  Orbital Command  
  35  3:38  Factory Reactor  
  35  3:40  SCV  
  36  3:44  Marine  
  36  3:46  Marine  
  38  3:50  Marauder  
  40  3:59  Supply Depot  
  40  4:06  Marine x2  
  37  4:11  Marauder  
  37  4:14  SCV x2  
  36  4:25  Marine  
  36  4:26  Marine  
  36  4:30  Orbital Command  
  37  4:32  Marauder  
  37  4:35  SCV  
  40  4:45  Marine x2  
  38  4:47  Medivac x2  
  38  4:51  SCV  
  43  4:54  Marauder  
  44  5:06  Marine x2  
  46  5:14  SCV  
  46  5:15  Marine, SCV  
  39  5:23  Marine x2  
  39  5:26  SCV  
  39  5:27  SCV  
  43  5:30  Combat Shields  
  43  5:33  Marine, Supply Depot  
  44  5:38  SCV  
  44  5:40  SCV  
  46  5:50  Supply Depot  
  46  5:55  Marine x3, SCV x2  
  51  6:05  Supply Depot  
  51  6:07  SCV x2  
  53  6:15  Marine x2, Engineering Bay  
  53  6:16  Marine, Engineering Bay  
  56  6:21  SCV x2  
  58  6:31  Supply Depot  
  58  6:33  Marine x3, SCV x2  
  58  6:39  Medivac  
  65  6:42  Terran Infantry Weapons Level 1, Terran Infantry Armor Level 1  
  65  6:43  Medivac  
  65  6:45  SCV  
  65  6:46  SCV  
  69  6:51  Marine, Supply Depot  
  69  6:52  Marine x2  
  72  6:58  SCV x2, Liberator  
  74  7:09  Marine  
  74  7:10  Marine, SCV x2  
  74  7:13  Marine  
  82  7:17  Command Center  
  82  7:21  Supply Depot  
  82  7:26  Marine  
  82  7:27  Factory Reactor  
  82  7:28  Marine  
  85  7:30  Marine, SCV  
  85  7:36  Concussive Shells  
  86  7:42  SCV  
  87  7:44  Supply Depot, Refinery  
  87  7:45  Refinery  
  87  7:48  SCV  
  87  7:49  Marauder, Marine  
  86  7:55  SCV  
  77  8:00  SCV  
  76  8:07  Marine x2, SCV  
  76  8:11  Marauder  
  76  8:12  SCV  
  79  8:18  Armory  
  79  8:19  SCV  
  80  8:21  Barracks  
  80  8:24  Barracks  
  80  8:27  Barracks  
  80  8:29  Marine x2  
  80  8:31  Marine  
  83  8:34  Orbital Command  
  83  8:45  SCV  
  83  8:46  SCV  
  83  8:47  Marine x2  
  87  8:49  Marine  
  87  8:51  Widow Mine x2  
  87  8:54  Medivac x2  
  96  9:04  Marine  
  96  9:05  Marine  
  96  9:06  SCV x2  
  96  9:07  Marine  
  101  9:11  Supply Depot  
  100  9:19  Barracks Reactor x3  
  100  9:20  Orbital Command  
  100  9:21  Liberator  
  100  9:22  Marine x2  
  100  9:24  Supply Depot, Widow Mine x2  
  102  9:25  Marauder  
  102  9:28  SCV x2  
  108  9:35  Supply Depot  
  108  9:40  SCV  
  108  9:45  Medivac  
  113  9:47  SCV  
  113  9:48  SCV  
  113  9:52  SCV  
  113  9:54  Marine x2  
  113  9:55  Marauder  
  113  9:57  Marine x6  
  113  9:58  Widow Mine x2  
  125  10:12  Marine x2  
  125  10:13  Supply Depot x2  
  122  10:17  Marauder, Marine x6  
  130  10:24  Medivac  
  130  10:26  Widow Mine  
  130  10:27  Widow Mine  
  136  10:29  SCV x2  
  136  10:30  Marine x2, SCV  
  136  10:35  Marine, Medivac  
  144  10:37  Marine x5, Supply Depot  
  144  10:38  Marauder  
  143  10:48  Marine  
  129  10:52  Marine  
  129  10:53  Marine  
  129  10:55  Marine x5  
  129  11:00  Marauder  
Show
View Real Time Build Order
Export as new Build Order

Erik Zerg 

Build Orders: Pool First 

Get SALT Encoding   

  12  0:01  Drone  
  13  0:13  Overlord  
  13  0:17  Drone  
  14  0:32  Drone x2  
  16  0:43  Spawning Pool  
  16  0:45  Drone  
  16  0:47  Extractor  
  15  0:51  Drone  
  17  0:57  Drone  
  17  1:17  Hatchery  
  16  1:21  Drone  
  17  1:30  Zergling x2  
  18  1:37  Queen  
  20  1:40  Drone  
  20  1:44  Drone  
  22  1:51  Metabolic Boost  
  22  2:03  Roach Warren  
  22  2:08  Drone  
  22  2:13  Overlord  
  22  2:30  Queen  
  22  2:31  Overlord  
  24  2:46  Roach x2  
  24  2:47  Roach  
  24  2:50  Roach  
  31  2:59  Roach  
  33  3:09  Overlord  
  33  3:13  Zergling x2  
  33  3:14  Zergling x4  
  33  3:15  Zergling x2  
  33  3:18  Zergling x2  
  38  3:21  Ravager  
  39  3:29  Zergling x4  
  39  3:30  Zergling x2  
  42  3:37  Zergling x4  
  44  3:42  Ravager  
  44  3:46  Overlord  
  44  3:56  Zergling x6  
  44  3:57  Zergling x2  
  39  4:13  Zergling x2  
  39  4:14  Zergling x8  
  42  4:17  Ravager  
  42  4:22  Drone  
  42  4:23  Drone  
  45  4:27  Drone  
  45  4:35  Drone  
  43  4:46  Drone x5  
  48  4:52  Drone  
  48  5:01  Drone  
  49  5:08  Zergling x4  
  49  5:09  Zergling x6  
  53  5:20  Drone x2  
  50  5:27  Drone  
  50  5:28  Lair, Drone  
  52  5:34  Drone  
  53  5:36  Drone x4  
  53  5:37  Drone x2, Evolution Chamber  
  53  5:42  Overlord  
  58  5:45  Extractor  
  58  5:46  Extractor  
  58  5:48  Overlord  
  56  6:00  Overlord  
  56  6:02  Drone  
  56  6:03  Roach, Drone  
  60  6:09  Roach x2  
  60  6:10  Zerg Missile Weapons Level 1  
  64  6:14  Overlord  
  64  6:20  Roach  
  64  6:25  Glial Reconstitution  
  66  6:28  Roach  
  66  6:29  Roach x2  
  76  6:32  Roach  
  76  6:33  Roach x2  
  78  6:40  Drone x3  
  78  6:43  Extractor, Overlord  
  80  7:02  Roach x2  
  80  7:03  Roach x2  
  80  7:04  Hatchery  
  87  7:11  Ravager  
  87  7:14  Roach x2  
  92  7:16  Overlord x2  
  92  7:23  Spore Crawler  
  92  7:25  Overlord  
  91  7:39  Roach x4  
  91  7:40  Roach x2  
  67  8:07  Roach  
  67  8:08  Roach x7  
  80  8:22  Queen  
  80  8:23  Drone x2  
  80  8:25  Roach x3  
  90  8:29  Zerg Missile Weapons Level 2  
  90  8:35  Ravager, Evolution Chamber  
  90  8:36  Ravager x4  
  90  8:39  Roach  
  90  8:40  Roach  
  98  8:46  Roach x2  
  102  8:55  Roach x3  
  108  9:02  Zerg Ground Armor Level 1  
  108  9:05  Drone x2  
  104  9:17  Queen  
  104  9:22  Roach x3  
  108  9:25  Drone  
  108  9:29  Drone  
  110  9:39  Drone  
  110  9:40  Drone x2  
  110  9:59  Roach x4  
  116  10:04  Roach  
  116  10:05  Roach  
  114  10:19  Roach x3  
  120  10:25  Overlord x2, Drone  
  95  10:50  Roach  
  95  10:51  Roach x6  
Tags
 
Add a new tag
Caveats
  • Supply blocks, unpowered buildings, or Contaminate may cause inaccurate times.
  • Supply counts are checked every 10 seconds.